 Dungeon Crawl Stone Soup version 0.30-a0-576-g89cddaab80 (webtiles) character file.

Game seed: 4841621037656573705

1060 purpskrrrp the Skirmisher (level 8, -3/56 HPs)
             Began as a Demonspawn Hunter on Dec 31, 2022.
             Slain by a gnoll sergeant
             ... wielding a +0 spear
              (9 damage)
             ... on level 5 of the Dungeon.
             The game lasted 00:08:27 (3744 turns).

purpskrrrp the Skirmisher (Demonspawn Hunter)       Turns: 3744, Time: 00:08:28

Health: -3/56      AC:  6    Str: 11    XL:     8   Next: 6%
Magic:  8/8        EV: 12    Int: 11    God:
Gold:   221        SH:  0    Dex: 19    Spells: 7/7 levels left

rFire   + . .      SeeInvis .    a - +0 shortbow
rCold   x . .      Faith    .    (shield currently unavailable)
rNeg    . . .      Spirit   .    c - +0 leather armour
rPois   .          Reflect  .    (helmet restricted)
rElec   +          Harm     .    (no cloak)
rCorr   .          Rampage  .    n - +1 pair of gloves
Will    .....                    (no boots)
Stlth   +++                      (no amulet)
HPRegen 0.29/turn                o - ring of fire
MPRegen 0.11/turn                d - ring "Uclaepp" {Fly rElec}

@: flying
A: powered by death 2, spiny 1, sharp scales 1, demonic touch 1, hooves 1, horns
1, camouflage 1
a: no special abilities


You were on level 5 of the Dungeon.
You visited 1 branch of the dungeon, and saw 5 of its levels.

You collected 221 gold pieces.

Inventory:

Hand Weapons
 a - a +0 shortbow (weapon)
Missiles
 p - a throwing net
Armour
 c - a +0 leather armour (worn)
 n - a +1 pair of gloves (worn)
 q - the +5 plate armour of Xuotzam {Fly Str+2 SInv Stlth-}
   (You found it on level 5 of the Dungeon)

   Str:       It affects your strength (+2).
   SInv:      It lets you see invisible.
   Fly:       It grants you flight.
   Stlth:     It makes you less stealthy.
Jewellery
 d - the ring "Uclaepp" (right hand) {Fly rElec}
   (You found it on level 4 of the Dungeon)

   [ring of flight]

   rElec:     It insulates you from electricity.
   Fly:       It grants you flight.
 o - a ring of fire (left hand)
Scrolls
 b - a scroll of blinking {unknown}
 k - a scroll of identify
 l - a scroll of enchant weapon {unknown}
 r - a scroll of teleportation
Potions
 e - a potion of curing {unknown}
 f - 2 potions of degeneration
 g - a potion of brilliance {unknown}
 h - 2 potions of magic
 i - 2 potions of attraction
 j - a potion of ambrosia {unknown}
 m - 2 potions of might {unknown}
 s - 2 potions of heal wounds


   Skills:
 - Level 2.0 Fighting
 + Level 9.4 Ranged Weapons
 - Level 1.7 Dodging
 - Level 0.8 Stealth


You had 7 spell levels left.
You didn't know any spells.
Your spell library contained the following spells:

 Spells                   Type           Power      Damage    Failure   Level
 Freeze                   Ice            0%         1d3       43%         1
 Frozen Ramparts          Ice            0%         1d1       80%         3
 Hailstorm                Conj/Ice       0%         3d3       80%         3


Dungeon Overview and Level Annotations

Branches:
Dungeon (5/15)
 Temple: D:4-7

Altars:
Ashenzari
Kikubaaqudgha

Shops:
D:5 :

Annotations:
D:3 3 runed translucent doors, benadryl's ghost, amateur TrFi


Innate Abilities, Weirdness & Mutations

You regenerate health from kills.
You are partially covered in sharp spines.
You are partially covered in razor-sharp scales. (AC +1, Slay +1)
Your touch may inflict minor irresistible damage on your foes.
You have large cloven feet.
You have a pair of small horns on your head.
Your skin changes colour to match your surroundings (Stealth+).


Message History

* * * LOW HITPOINT WARNING * * *
Fire: a) +0 shortbow
Press: ? - help, Q - select action, (/) - cycle Shift-Dir - straight line, f/p - gnoll sergeant
Aim: a gnoll sergeant, wielding a +0 spear, wearing a +0 scale mail and wearing a +0 kite shield (lightly wounded, 76% to hit)
You shoot an arrow.
The arrow hits the gnoll sergeant but does no damage.
The gnoll sergeant is lightly wounded.
The gnoll sergeant barely misses you.
Fire: a) +0 shortbow
Press: ? - help, Q - select action, (/) - cycle Shift-Dir - straight line, f/p - gnoll sergeant
Aim: a gnoll sergeant, wielding a +0 spear, wearing a +0 scale mail and wearing a +0 kite shield (lightly wounded, 76% to hit)
You shoot an arrow. The gnoll sergeant blocks the arrow.
The gnoll sergeant hits you but does no damage.
Fire: a) +0 shortbow
Press: ? - help, Q - select action, (/) - cycle Shift-Dir - straight line, f/p - gnoll sergeant
Aim: a gnoll sergeant, wielding a +0 spear, wearing a +0 scale mail and wearing a +0 kite shield (lightly wounded, 76% to hit)
You shoot an arrow. The gnoll sergeant blocks the arrow.
The gnoll sergeant barely misses you.
Fire: a) +0 shortbow
Press: ? - help, Q - select action, (/) - cycle Shift-Dir - straight line, f/p - gnoll sergeant
Aim: a gnoll sergeant, wielding a +0 spear, wearing a +0 scale mail and wearing a +0 kite shield (lightly wounded, 76% to hit)
You shoot an arrow. The arrow hits the gnoll sergeant.
The gnoll sergeant is lightly wounded.
The gnoll sergeant hits you from afar with a +0 spear.
* * * LOW HITPOINT WARNING * * *
Fire: a) +0 shortbow
Press: ? - help, Q - select action, (/) - cycle Shift-Dir - straight line, f/p - gnoll sergeant
Aim: a gnoll sergeant, wielding a +0 spear, wearing a +0 scale mail and wearing a +0 kite shield (lightly wounded, 76% to hit)
You shoot an arrow. The arrow hits the gnoll sergeant.
The gnoll sergeant is moderately wounded.
The gnoll sergeant hits you from afar with a +0 spear.
* * * LOW HITPOINT WARNING * * *
Fire: a) +0 shortbow
Press: ? - help, Q - select action, (/) - cycle Shift-Dir - straight line, f/p - gnoll sergeant
Aim: a gnoll sergeant, wielding a +0 spear, wearing a +0 scale mail and wearing a +0 kite shield (moderately wounded, 76% to hit)
You shoot an arrow.
The arrow hits the gnoll sergeant but does no damage.
The gnoll sergeant is moderately wounded.
The gnoll sergeant hits you from afar with a +0 spear!
You die...

..#. #.#....# #... #.#....
#.#. #)#.?. #... #.... #...
#(.. #... #g) #... #)# #...
###@# #... #...# ##... .
#.#.## ##.... ..
#.†..##########..... ...
#.#................. .......
##.######..#####.....
.......##..# #.## #####...
#......#..## #.####.......
#.......########............


You could see a gnoll sergeant.

Vanquished Creatures
  Pikel (D:5)
  3 hounds (D:5)
  An orc priest (D:4)
  2 gnoll boudas (D:5)
  An orc wizard (D:4)
  22 gnolls
  4 adders
  2 white imps
  2 ufetubi (D:4)
  2 worms (D:4)
  5 dart slugs
  11 orcs (D:4)
  6 bats
  7 endoplasms
  2 giant cockroaches
  5 goblins
  7 hobgoblins
  4 jackals
  5 quokkas
  14 ball pythons
  4 frilled lizards
  4 kobolds
  8 rats
122 creatures vanquished.

Vanquished Creatures (others)
  A human (D:4)
1 creature vanquished.

Grand Total: 123 creatures vanquished

Notes
Turn   | Place    | Note
-------+----------+-------------------------------------------
     0 | D:1      | purpskrrrp the Demonspawn Hunter began the quest for the
                  | Orb.
     0 | D:1      | Reached XP level 1. HP: 16/16 MP: 1/1
    76 | D:1      | Reached skill level 4 in Ranged Weapons
   139 | D:1      | Gained mutation: Your touch may inflict minor irresistible
                  | damage on your foes. [demonic ancestry]
   139 | D:1      | Reached XP level 2. HP: 22/22 MP: 2/2
   510 | D:1      | Gained mutation: You regenerate a little health from kills.
                  | [demonic ancestry]
   510 | D:1      | Reached XP level 3. HP: 27/27 MP: 3/3
   837 | D:2      | Found a broken altar of Ashenzari.
  1107 | D:2      | Found a faded altar of an unknown god.
  1502 | D:2      | Gained mutation: You are weak. (Str -2) [potion of
                  | mutation]
  1502 | D:2      | Gained mutation: You have a pair of small horns on your
                  | head. [potion of mutation]
  1503 | D:2      | Lost mutation: You are weak. (Str -2) [potion of mutation]
  1503 | D:2      | Lost mutation: You have a pair of small horns on your head.
                  | [potion of mutation]
  1503 | D:2      | Gained mutation: Your skin changes colour to match your
                  | surroundings (Stealth+). [potion of mutation]
  1503 | D:2      | Gained mutation: You have large cloven feet. [potion of
                  | mutation]
  1503 | D:2      | Gained mutation: You have a pair of small horns on your
                  | head. [potion of mutation]
  1592 | D:3      | Reached skill level 5 in Ranged Weapons
  1718 | D:3      | Gained mutation: You regenerate health from kills. [demonic
                  | ancestry]
  1718 | D:3      | Reached XP level 4. HP: 33/33 MP: 4/4
  2033 | D:3      | Noticed benadryl's ghost (amateur TrFi)
  2037 | D:3      | Found a runed translucent gate.
  2037 | D:3      | Found a runed translucent gate.
  2039 | D:3      | Found a runed translucent gate.
  2183 | D:4      | Identified the ring "Uclaepp" {Fly rElec}
  2305 | D:4      | Reached XP level 5. HP: 38/38 MP: 5/5
  2324 | D:4      | Reached skill level 6 in Ranged Weapons
  2663 | D:4      | Found an ancient bone altar of Kikubaaqudgha.
  2664 | D:4      | Noticed a human
  2666 | D:4      | Killed a human
  2761 | D:4      | Gained mutation: You are partially covered in sharp spines.
                  | [demonic ancestry]
  2761 | D:4      | Reached XP level 6. HP: 44/44 MP: 6/6
  3140 | D:5      | Entered Level 5 of the Dungeon
  3157 | D:5      | Found Tyigriod's Book Boutique.
  3249 | D:5      | Reached skill level 7 in Ranged Weapons
  3261 | D:5      | Identified the +5 plate armour of Xuotzam {Fly Str+2 SInv
                  | Stlth-}
  3286 | D:5      | Noticed Pikel
  3315 | D:5      | Killed Pikel
  3316 | D:5      | Reached skill level 8 in Ranged Weapons
  3316 | D:5      | Reached XP level 7. HP: 10/50 MP: 7/7
  3702 | D:5      | Reached skill level 9 in Ranged Weapons
  3727 | D:5      | Gained mutation: You are partially covered in razor-sharp
                  | scales. (AC +1, Slay +1) [demonic ancestry]
  3727 | D:5      | Reached XP level 8. HP: 23/56 MP: 8/8
  3744 | D:5      | Slain by a gnoll sergeant

Illustrated notes

Levels and vault maps discovered:
D:1:      minmay_arrival_four_loops, layout_basic
D:2:      layout_loops_corners, shapermc_ecumenical_altar_petra, basic_altar
D:3:      layout_basic, amcnicky_altar_gilded, gammafunk_ghost_split
D:4:      layout_loops_corners, tgw_kikubaaqudgha, moated_statue,
          dk_noncrumbling_3
D:5:      layout_cave_pods, serial_gnoll_camp, gnoll_camp_mini_shop,
          gnoll_camp_mini_house, gnoll_camp_medium_02, gnoll_camp_mini_shop,
          sigmund_edmund_badplayer, uniq_sigmund, uniq_pikel

Skill      XL: |  1  2  3  4  5  6  7 |
---------------+----------------------+-----
Ranged Weapons | 4 5 6 8 9 |  9.4
Fighting       | |  2.0
Dodging        | |  1.7
Stealth        | |  0.8

Action                   |  1- 3 |  4- 6 |  7- 9 || total
-------------------------+-------+-------+-------++-------
 Fire: Shortbow          |   115 |   187 |    68 ||   370
  Use: Scroll            |     7 |     5 |     1 ||    13
       Potion            |     2 |     4 |       ||     6
Armor: Leather armour    |    14 |    15 |    16 ||    45
       Skin              |       |    43 |       ||    43
Dodge: Dodged            |    26 |    50 |    36 ||   112

Table legend: (Time is in decaauts)
 A = Elapsed time spent in this place.
 B = Non-inter-level travel time spent in this place.
 C = Inter-level travel time spent in this place.
 D = Time resting spent in this place.
 E = Time spent auto-exploring this place.
 F = Levels seen in this place.
 G = Mean time per level.
                   A        B        C        D        E       F      G
               +--------+--------+--------+--------+--------+-----+--------+
         Total |   3827 |   3692 |    135 |    297 |   2725 |   5 |  765.4 |
       Dungeon |   3827 |   3692 |    135 |    297 |   2725 |   5 |  765.4 |
               +--------+--------+--------+--------+--------+-----+--------+

Top non-repeatable levels by time:
     D:4: 1007 daAuts
     D:2: 990 daAuts
     D:5: 618 daAuts
     D:1: 607 daAuts
     D:3: 603 daAuts
